Map: Dusk Towers

Players

KoN

  • Race: Protoss Protoss
  • League: Gold

capac - Winner!

  • Race: Terran Terran
  • League: Gold

VOD

Have the link to the VOD?

Description

Time

  • Played on: March 5, 2016, 2:49 p.m.
  • Length: 10:11
Show
View Real Time Build Order
Export as new Build Order

KoN Protoss 

Build Orders: Colossus Rush 

Get SALT Encoding   

  12  0:01  Probe (Chrono Boost)  
  13  0:12  Probe (Chrono Boost)  
  14  0:19  Pylon  
  14  0:22  Probe (Chrono Boost)  
  15  0:37  Probe (Chrono Boost), Gateway  
  16  0:47  Probe (Chrono Boost)  
  16  0:48  Assimilator  
  17  0:58  Probe (Chrono Boost)  
  18  1:06  Pylon  
  18  1:08  Probe (Chrono Boost)  
  19  1:19  Probe (Chrono Boost)  
  19  1:24  Cybernetics Core  
  20  1:30  Probe (Chrono Boost)  
  21  1:40  Probe (Chrono Boost)  
  22  1:51  Probe (Chrono Boost)  
  25  2:02  Mothership Core (Chrono Boost)  
  25  2:04  Nexus  
  25  2:13  Assimilator  
  25  2:19  Stalker  
  27  2:26  Probe (Chrono Boost)  
  28  2:37  Warp Gate (Chrono Boost)  
  28  2:54  Assimilator  
  28  2:57  Pylon  
  28  3:06  Robotics Facility  
  28  3:12  Probe (Chrono Boost)  
  29  3:16  Probe (Chrono Boost)  
  30  3:22  Probe (Chrono Boost)  
  30  3:26  Probe (Chrono Boost)  
  32  3:28  Forge  
  32  3:33  Probe (Chrono Boost), Pylon  
  33  3:34  Stalker  
  33  3:36  Probe (Chrono Boost)  
  36  3:43  Probe  
  36  3:45  Probe  
  38  3:49  Pylon  
  38  3:56  Observer, Robotics Bay  
  38  4:01  Protoss Ground Weapons Level 1 (Chrono Boost)  
  39  4:09  Gateway  
  39  4:12  Gateway  
  39  4:15  Warp Prism  
  42  4:24  Probe  
  42  4:25  Probe  
  42  4:30  Assimilator  
  43  4:36  Probe  
  44  4:41  Probe  
  45  4:46  Extended Thermal Lance (Chrono Boost)  
  45  4:48  Probe, Colossus  
  52  5:01  Probe x2  
  54  5:08  Sentry  
  54  5:13  Probe  
  57  5:14  Probe  
  58  5:25  Probe, Stalker x2  
  58  5:27  Probe  
  64  5:35  Colossus  
  64  5:38  Pylon  
  64  5:43  Pylon  
  70  5:57  Gateway  
  70  5:58  Gateway  
  70  6:03  Gateway  
  70  6:05  Pylon  
  70  6:10  Pylon  
  62  6:14  Stalker x2  
  66  6:32  Probe x2  
  68  6:34  Stalker  
  68  6:38  Colossus  
  70  6:44  Probe  
  77  6:54  Stalker  
  77  6:59  Probe  
  77  7:00  Probe  
  81  7:04  Sentry  
  81  7:05  Sentry x2  
  87  7:12  Probe  
  87  7:14  Pylon  
  88  7:19  Pylon  
  88  7:22  Stalker  
  90  7:24  Sentry  
  92  7:48  Stalker  
  92  7:49  Stalker x4  
  92  7:50  Stalker  
  104  8:10  Pylon  
  104  8:12  Stalker x3, Pylon  
  96  8:48  Stalker x2  
  96  8:49  Stalker x4  
Show
View Real Time Build Order
Export as new Build Order

capac Terran - Winner!

Build Orders:  

Get SALT Encoding   

  12  0:01  SCV  
  13  0:13  SCV  
  14  0:18  Supply Depot  
  14  0:25  SCV  
  15  0:40  SCV  
  15  0:42  Barracks  
  16  0:47  Refinery  
  16  0:52  SCV  
  18  1:04  SCV  
  18  1:16  SCV  
  19  1:28  SCV  
  20  1:38  Command Center  
  20  1:40  SCV  
  20  1:42  Barracks Reactor  
  21  1:50  Supply Depot  
  21  1:57  Orbital Command  
  21  2:14  Barracks  
  21  2:18  Marine  
  21  2:19  Marine  
  23  2:33  SCV  
  23  2:36  Marine x2  
  26  2:37  Refinery  
  26  2:42  Factory  
  26  2:45  SCV  
  27  2:56  Orbital Command  
  28  2:58  SCV  
  28  3:00  Marine  
  28  3:01  Marine  
  30  3:10  Barracks Tech Lab  
  30  3:17  Engineering Bay  
  30  3:19  Marine  
  31  3:20  Marine  
  32  3:28  SCV x2  
  32  3:32  Marine  
  35  3:38  Starport  
  35  3:40  Factory Reactor  
  35  3:43  SCV  
  35  3:44  SCV  
  37  3:52  Marine x3  
  40  3:58  Supply Depot  
  40  4:00  Stimpack  
  40  4:03  SCV x2  
  40  4:09  Missile Turret  
  42  4:12  Marine x2  
  42  4:13  Marine  
  45  4:26  SCV x2  
  45  4:28  Missile Turret  
  45  4:30  Marine x2  
  49  4:31  Marine  
  50  4:38  Medivac x2  
  50  4:41  Factory Tech Lab  
  54  4:46  Supply Depot  
  54  4:52  Refinery  
  54  4:56  Marine x3  
  60  5:00  Siege Tank  
  60  5:04  Supply Depot  
  60  5:08  SCV x2  
  62  5:19  Marine x3  
  65  5:25  Medivac x2  
  69  5:31  SCV x2  
  71  5:38  Siege Tank  
  71  5:39  Marine x2  
  71  5:41  Marine  
  77  5:49  SCV  
  78  5:58  Supply Depot x2  
  78  5:59  Marine x2, SCV  
  78  6:00  Marine  
  72  6:27  Marine  
  72  6:28  Marine x2  
  72  6:30  Medivac x2  
  72  6:31  Siege Tank  
  82  6:35  SCV x2  
  84  6:45  Marine  
  84  6:47  SCV x2  
  87  6:55  Refinery  
  87  7:03  Command Center  
  87  7:07  Barracks x2  
  87  7:22  Medivac  
  87  7:23  Medivac  
  87  7:27  Marine x2  
  87  7:28  Marine  
  87  7:29  Siege Tank  
  97  7:32  Terran Infantry Weapons Level 1  
  97  7:33  Engineering Bay  
  97  7:36  Supply Depot  
  97  7:46  Marine x2  
  97  7:47  Marine  
  100  8:07  Starport, Liberator  
  100  8:08  Supply Depot, Terran Infantry Armor Level 1  
  100  8:11  Siege Tank  
  100  8:12  Barracks Reactor x2  
  103  8:17  SCV x2  
  105  8:21  Missile Turret  
  105  8:24  Missile Turret  
  108  8:27  Marine x3  
  94  9:17  Marine x2  
  94  9:22  Marine  
Tags
 
Add a new tag
Caveats
  • Supply blocks, unpowered buildings, or Contaminate may cause inaccurate times.
  • Supply counts are checked every 10 seconds.